 Dungeon Crawl Stone Soup version 0.29-a0-838-g385bb11a5b (webtiles) character file.

Game seed: 9261293795391431603

49 zeratav the Stinger (level 3, -7/21 HPs)
             Began as an Octopode Venom Mage on July 13, 2022.
             Mangled by a gnoll
             ... wielding a +0 halberd
              (9 damage)
             ... on level 2 of the Dungeon.
             The game lasted 00:02:23 (1970 turns).

zeratav the Stinger (Octopode Venom Mage)           Turns: 1970, Time: 00:02:24

Health: -7/21      AC:  1    Str:  7    XL:     3   Next: 77%
Magic:  6/6        EV: 13    Int: 19    God:
Gold:   95         SH:  0    Dex: 12    Spells: 5/6 levels left

rFire   . . .      SeeInvis .   j - staff of poison {staff}
rCold   . . .      Faith    .   (no shield)
rNeg    . . .      Spirit   .   (helmet restricted)
rPois   +          Reflect  .   (no amulet)
rElec   .          Harm     .   (no ring)
rCorr   .          Rampage  .   (no ring)
Will    .....                   (no ring)
Stlth   ++++......              (no ring)
HPRegen 0.07/turn               (no ring)
MPRegen 0.10/turn               (no ring)
                                (no ring)
                                (no ring)

@: no status effects
A: almost no armour, amphibious, 8 rings, camouflage 1, gelatinous body 1,
(nimble swimmer 1), tentacles
a: no special abilities


You were on level 2 of the Dungeon.
You visited 1 branch of the dungeon, and saw 2 of its levels.

You collected 95 gold pieces.


Innate Abilities, Weirdness & Mutations

You cannot wear most types of armour.
You are amphibious.
You can wear up to eight rings at the same time.
Your skin changes colour to match your surroundings (Stealth+).
Your rubbery body absorbs attacks. (AC +1, EV +1)
((You are camouflaged when in or above water. (Stealth+)))
You have tentacles for arms and can constrict up to eight enemies at once.


   Skills:
 - Level 2.0 Dodging
 + Level 4.4 Stealth
 - Level 2.0 Spellcasting
 - Level 1.0 Transmutations
 + Level 4.7 Poison Magic


You had 5 spell levels left.
You knew the following spells:

 Your Spells              Type           Power      Damage    Failure   Level
a - Sting                 Tmut/Pois      76%        1d6       5%          1

Your spell library contained the following spells:

 Spells                   Type           Power      Damage    Failure   Level
 Poisonous Vapours        Pois/Air       32%        N/A       10%         2
 Olgreb's Toxic Radiance  Pois           29%        N/A       24%         4
 Mephitic Cloud           Conj/Pois/Air  11%        N/A       26%         3

Inventory:

Hand Weapons
 d - a +0 dagger {short}
   (You took it off a kobold on level 1 of the Dungeon)
Magical Staves
 j - a staff of poison (weapon) {staff}
   (You found it on level 2 of the Dungeon)
Wands
 h - a wand of mindburst (5)
   (You found it on level 2 of the Dungeon)
Scrolls
 b - 2 scrolls of identify {unknown}
 c - a scroll of silence {unknown}
 l - a scroll of immolation {unknown}
 m - a scroll of teleportation {unknown}
Potions
 a - a potion of magic
 e - a potion of degeneration {unknown}
 f - 2 potions of lignification {unknown}
 g - a potion of cancellation {unknown}
 i - a potion of flight {unknown}
 k - a potion of curing {@q1}

Dungeon Overview and Level Annotations

Branches:
Dungeon (2/15) Zot: 10029

Altars:

Shops:
D:1 (

Annotations:
D:2 Sigmund

.# ........... .#
.#..........
##########.##..#..>.......
#..............##.........
#.#....##........#########
#.#..(.##.###.... #
#......(......... #
#.#....##.###.### #
#<####.##@# # ### #.##g#
## #.##gg #. #.##... #.
####.... #. #..... #.
#...... #. ........ ##


You could see 3 gnolls.


Message History

MP[+1] Sigmund whispers, "You'll know eternity soon."
Casting: Sting (safe; 5% risk of failure)
Confirm with . or Enter, or press ? or * to list all spells.
Aiming: Sting (safe; 5% risk of failure)
Press: ? - help, Shift-Dir - straight line, f/p - Sigmund
Aim: Sigmund, wielding a +2 scythe of protection and wearing a +0 leather armour (moderately wounded, poisoned, 71% to hit)
You feel a surge of power!
The sting hits Sigmund.
Sigmund looks even sicker.
Sigmund barely misses you.
MP[-1]
You lost 1 mp, and now have 0/6 mp.
Your magical contamination has completely faded away.
Sigmund points at you and mumbles some strange words.
You are confused.
You bump into the rock wall.
Sigmund closely misses you.
You're too confused to move!
Sigmund barely misses you.
MP[+1]
You feel less confused. Sigmund casts a spell at you.
The puff of flame hits you.
HP[-4]
You take 4 damage, and now have 17/21 hp.
Sigmund gestures wildly while chanting.
Sigmund flickers and vanishes!
Deactivating autopickup; reactivate with Ctrl-A.
Casting: Sting (safe; 5% risk of failure)
Confirm with . or Enter, or press ? or * to list all spells.
Okay, then.
A puff of flame appears from out of thin air!
The puff of flame misses you.
MP[+1]
You are confused.
HP[+1]
You bump into the rock wall.
Something tries to affect you, but you resist.
You bump into the rock wall.
You feel less confused.
A puff of flame appears from out of thin air!
The puff of flame hits you!
* * * LOW HITPOINT WARNING * * *
HP[-8]
You take 8 damage, and now have 10/21 hp.
MASSIVE DAMAGE!! (PAUSE)
A puff of flame appears from out of thin air!
The puff of flame hits you!
* * * LOW HITPOINT WARNING * * *
HP[-8]
You take 8 damage, and now have 2/21 hp.
MASSIVE DAMAGE!! (PAUSE)
You are confused.
There is an escape hatch in the ceiling here.
MP[+1]
A mysterious force pulls you upwards. The hatch slams shut behind you.
Reactivating autopickup.
You start resting.
You feel less confused.
HP[+1]
You start resting.
HP[+18] MP[+3]
Your hp is fully restored (21).
Your mp is fully restored (6).
There is a stone staircase leading down here.
You climb downwards.
Level annotation: Sigmund
There is a stone staircase leading up here.
You see here 5 poisoned darts {throwing}.
A gnoll comes into view. It is wielding a +0 spear.
The gnoll shouts! 2 gnolls and a worm come into view.
The gnoll throws a throwing net.
The throwing net hits you.
You become entangled in the net!
A gnoll comes into view. It is wielding a +0 halberd.
You see here a throwing net {=fthrowing}.
You struggle against the net.
The gnoll shouts!
You struggle against the net.
You struggle against the net.
You rip the net and break free!
The gnoll throws a throwing net.
The throwing net hits you.
You become entangled in the net!
You tear a large gash into the net.
The gnoll closely misses you.
You struggle against the net.
The gnoll hits you from afar with a +0 spear.
HP[-5]
You take 5 damage, and now have 16/21 hp.
MASSIVE DAMAGE!! (PAUSE)
You struggle against the net.
The gnoll hits you with a +0 flail!
Ouch! That really hurt!
* * * LOW HITPOINT WARNING * * *
The gnoll barely misses you.
The gnoll hits you from afar with a +0 spear.
* * * LOW HITPOINT WARNING * * *
HP[-14]
You take 14 damage, and now have 2/21 hp.
MASSIVE DAMAGE!! (PAUSE)
You rip the net and break free!
The gnoll barely misses you. The gnoll closely misses you.
The gnoll hits you from afar with a +0 halberd!
You die...

Skill      XL: |  1  2  3 |
---------------+----------+-----
Stealth        | 3 4 |  4.4
Poison Magic   | 4 |  4.7
Dodging        | |  2.0
Spellcasting   | |  2.0
Transmutations | |  1.0

Action                   || total
-------------------------++-------
Melee: Dagger            ||    61
       Constrict         ||    18
       Tentacles         ||    11
       Staff             ||     4
 Cast: Sting             ||    11
 Stab: Sleeping          ||     2
Armor: Skin              ||    12
Dodge: Dodged            ||    79

Levels and vault maps discovered:
D:1:      denvon_arrival_hothouse, layout_rooms,
          shapermc_ecumenical_altar_notcrosses, serial_shops, shop,
          grunt_decor_cap, serial_bayou_lagoon_b
D:2:      layout_basic, uniq_sigmund

Notes
Turn   | Place    | Note
-------+----------+-------------------------------------------
     0 | D:1      | zeratav the Octopode Venom Mage began the quest for the
                  | Orb.
     0 | D:1      | Reached XP level 1. HP: 11/11 MP: 3/3
     0 | D:1      | magus.rc [v1.9.6]
   168 | D:1      | HP: 2/11 [constriction (1)]
   549 | D:1      | Reached skill level 3 in Stealth
   698 | D:1      | Found Fajureiq's Weapon Emporium.
   837 | D:1      | Found a faded altar of an unknown god.
   839 | D:1      | Reached XP level 2. HP: 17/17 MP: 5/5
   952 | D:1      | Reached skill level 4 in Poison Magic
  1012 | D:2      | Reached XP level 3. HP: 17/21 MP: 6/6
  1152 | D:2      | Reached skill level 4 in Stealth
  1209 | D:2      | Noticed Sigmund
  1671 | D:2      | HP: 2/21 [something/puff of flame (8)]
  1969 | D:2      | HP: 4/21 [gnoll/+0 flail (12)]
  1970 | D:2      | Mangled by a gnoll

Vanquished Creatures
  2 adders (D:2)
  2 worms (D:2)
  A dart slug (D:1)
  A ball python (D:1)
  An endoplasm (D:2)
  A giant cockroach (D:2)
  2 goblins
  3 hobgoblins
  2 jackals (D:2)
  A quokka (D:2)
  2 bats (D:2)
  2 frilled lizards
  2 kobolds
  2 rats (D:1)
24 creatures vanquished.

Table legend:
 A = Non-vault XP
 B = Vault XP
 C = Vault XP percentage of total XP
 D = Non-vault monster count
 E = Vault monster count
 F = Vault count percentage of total count
                 A         B        C        D         E       F
            +---------+---------+-------+---------+---------+-------
      Total |      71 |       0 |   0.0 |      24 |       0 |   0.0
            +---------+---------+-------+---------+---------+-------
        D:1 |      14 |       0 |   0.0 |       8 |       0 |   0.0
        D:2 |      57 |       0 |   0.0 |      16 |       0 |   0.0
            +---------+---------+-------+---------+---------+-------

Illustrated notes

Table legend:
 A = Kills in this place as a percentage of kills in entire the game.
 B = Kills by you in this place as a percentage of kills by you in the entire game.
 C = Kills by friends in this place as a percentage of kills by friends in the entire game.
 D = Other kills in this place as a percentage of other kills in the entire game.
 E = Experience gained in this place as a percentage of experience gained in the entire game.
 F = Experience gained in this place divided by the number of levels of this place that you have seen.
                   A       B       C       D       E      F
               +-------+-------+-------+-------+-------+----------------------
         Total | 100.0 | 100.0 |   N/A |   N/A | 100.0 |  35.5
       Dungeon | 100.0 | 100.0 |   N/A |   N/A | 100.0 |  35.5
               +-------+-------+-------+-------+-------+----------------------

Table legend: (Time is in decaauts)
 A = Elapsed time spent in this place.
 B = Non-inter-level travel time spent in this place.
 C = Inter-level travel time spent in this place.
 D = Time resting spent in this place.
 E = Time spent auto-exploring this place.
 F = Levels seen in this place.
 G = Mean time per level.
                   A        B        C        D        E       F      G
               +--------+--------+--------+--------+--------+-----+--------+
         Total |   1969 |   1946 |     23 |    382 |   1317 |   2 |  984.5 |
       Dungeon |   1969 |   1946 |     23 |    382 |   1317 |   2 |  984.5 |
               +--------+--------+--------+--------+--------+-----+--------+

Top non-repeatable levels by time:
     D:1: 1262 daAuts
     D:2: 706 daAuts
